Blue Jackets vs Avalanche
Created - January 20, 2019 at 20:07
Goals
|
Blue Jackets |
3 |
3 |
0 |
6 |
Avalanche |
0 |
2 |
1 |
3 |
|
Shots
|
Blue Jackets |
8 |
13 |
7 |
28 |
Avalanche |
14 |
14 |
5 |
33 |
|
1st period
1. Blue Jackets , Marcus Nilson 12 (Martin Havlat 42, Peter Mueller 13) at 15:02
2. Blue Jackets , Max Pacioretty 14 (Pavel Datsyuk 39, Branislav Mezei 10) at 15:14
3. Blue Jackets , Tyler Kennedy 4 (Peter Mueller 14) at 19:33 (PP)
Penalties :
Ryan Wilson (Clb) for Hooking (Minor) at 17:11, Bryan Little (Col) for Hooking (Minor) at 17:54
2nd period
4. Avalanche , Paul Stastny 11 (Andrei Kostitsyn 21, Alexander Radulov 15) at 1:53
5. Blue Jackets , Cam Fowler 1 (Pavel Datsyuk 40) at 3:18
6. Blue Jackets , Pavel Datsyuk 25 (Mike Lundin 26, Max Pacioretty 9) at 5:25 (PP)
7. Blue Jackets , A.J Thelen 2 (Pavel Datsyuk 41, Tyler Kennedy 3) at 11:19
8. Avalanche , Mikkel Boedker 22 (Bryan Little 29) at 13:03
Penalties :
Kyle Turris (Col) for Holding (Minor) at 4:43, Alexander Radulov (Col) for Fighting (Major) at 15:45, Marcus Nilson (Clb) for Fighting (Major) at 15:45, Paul Stastny (Col) for Delaying the game (Minor) at 19:53
3rd period
9. Avalanche , Andrei Kostitsyn 16 (Alexander Radulov 16, Paul Stastny 28) at 7:47
Penalties :
Paul Stastny (Col) for Butt-ending (Major / Game Misconduct) at 12:36, Max Pacioretty (Clb) for Tripping (Minor) at 12:41
Goalie Stats
Rick DiPietro (Clb), 30 saves from 33 shots - (0.909), W, 19-16-5, 60:00 minutes
Semyon Varlamov (Col), 6 saves from 10 shots - (0.600), L, 12-16-1, 23:18 minutes
Roberto Luongo (Col), 16 saves from 18 shots - (0.889), 36:42 minutes
Players Stats for Blue Jackets
Player Name G A P +/- PIM S H SB GA TA FO MP PP MP PK MP
------------------------------------------------------------------------------------
A.J Thelen 1 0 1 0 0 1 1 1 0 1 0/0 16:38 1:48 0:00
Andreas Nodl 0 0 0 1 0 1 1 0 0 0 1/1 10:56 0:00 0:00
Andrew Gordon 0 0 0 0 0 0 0 1 0 0 0/0 9:32 0:32 0:00
Branislav Mezei 0 1 1 1 0 0 0 1 0 0 0/0 21:49 1:45 0:27
Cam Fowler 1 0 1 0 0 1 1 2 2 1 0/0 17:52 1:45 0:16
Dennis Wideman 0 0 0 0 0 1 0 0 1 0 0/0 21:33 2:31 0:16
Marcus Nilson 1 0 1 -1 5 3 3 1 0 0 0/0 14:53 2:08 0:00
Martin Havlat 0 1 1 -1 0 1 1 0 0 0 1/2 18:46 2:32 0:43
Max Pacioretty 1 1 2 1 2 2 4 0 0 1 1/3 20:05 3:09 0:00
Mike Comrie 0 0 0 1 0 0 1 0 1 0 1/1 13:05 1:23 0:43
Mike Lundin 0 1 1 1 0 1 1 0 0 3 0/0 26:12 3:13 0:27
Mike York 0 0 0 1 0 2 1 0 0 0 1/1 13:18 0:51 0:00
Patrick O'Sullivan 0 0 0 0 0 1 0 0 0 1 1/3 9:00 0:00 0:00
Pavel Datsyuk 1 3 4 1 0 6 3 0 0 0 14/28 21:05 2:29 0:00
Peter Mueller 0 2 2 -1 0 6 2 0 0 0 1/12 16:58 2:37 0:00
Rostislav Olesz 0 0 0 0 0 0 0 0 0 0 0/0 9:12 0:12 0:00
Ryan Wilson 0 0 0 0 2 0 3 1 0 0 0/0 16:04 1:15 0:00
Tyler Kennedy 1 1 2 1 0 2 2 0 1 0 0/1 19:01 2:09 0:00
Players Stats for Avalanche
Player Name G A P +/- PIM S H SB GA TA FO MP PP MP PK MP
------------------------------------------------------------------------------------
Alexander Radulov 0 2 2 2 5 2 1 0 0 0 0/0 13:53 0:16 0:07
Andrei Kostitsyn 1 1 2 2 0 3 1 1 2 0 2/2 17:12 0:16 1:24
Andrew Ladd 0 0 0 -2 0 3 1 1 0 0 5/6 15:43 0:00 3:22
Bryan Little 0 1 1 -1 2 2 0 0 0 0 11/19 18:17 0:26 0:01
Chuck Kobasew 0 0 0 0 0 0 1 0 0 0 0/0 11:21 0:00 3:16
Damien Brunner 0 0 0 -2 0 1 2 0 0 0 2/2 11:55 0:00 1:26
Dan Boyle 0 0 0 0 0 1 1 1 0 1 0/0 16:31 0:06 1:31
Jack Johnson 0 0 0 -1 0 4 0 2 2 0 0/0 23:57 0:06 3:38
Johnny Boychuk 0 0 0 0 0 0 0 5 0 0 0/0 18:08 0:00 2:12
Kyle Turris 0 0 0 0 2 0 1 0 0 0 0/2 9:17 0:00 1:15
Marc Staal 0 0 0 0 0 1 2 0 0 0 0/0 21:33 0:37 2:55
Matt Irwin 0 0 0 0 0 2 2 1 0 1 0/0 16:14 0:00 0:10
Maxim Talbot 0 0 0 -2 0 1 1 1 0 0 2/5 12:25 0:00 1:24
Mikkel Boedker 1 0 1 -1 0 5 2 1 0 0 0/2 19:26 0:27 0:00
Patric Hornqvist 0 0 0 -1 0 2 0 0 2 0 1/5 19:26 0:27 0:00
Paul Stastny 1 1 2 2 17 5 3 1 0 0 8/9 13:58 0:16 0:00
Pernell Karl Subban 0 0 0 -1 0 1 0 1 1 2 0/0 23:37 0:37 1:42
Zach Boychuk 0 0 0 0 0 0 0 0 0 1 0/0 7:50 0:00 0:00
3 Stars
1 - Pavel Datsyuk (Clb)
2 - Tyler Kennedy (Clb)
3 - Max Pacioretty (Clb)
Power Play
Blue Jackets - 2 on 4 Attempt(s) - 50.00%
Avalanche - 0 on 2 Attempt(s) - 0.00%
Penalty Kill
Blue Jackets - 2 on 2 Attempt(s) - 100.00%
- Score 0 goal in Penalty Kill
Avalanche - 2 on 4 Attempt(s) - 50.00%
- Score 0 goal in Penalty Kill
Team Stat
Blue Jackets - Hits : 24 - Faceoff Wins : 21 - Blocked Shots : 7 - Penalty Minutes : 9
Avalanche - Hits : 18 - Faceoff Wins : 31 - Blocked Shots : 15 - Penalty Minutes : 26
Official
Referees : Unknown
Linesman : Unknown
Game Notes
Roberto Luongo enters game at 3:18 of 2nd period
Marcus Nilson beats up Alexander Radulov at 15:45 of 2nd period
Paul Stastny ejected from game at 12:36 of 3rd period
Finance
Level 1 -- Attendance: 5243 (87.38%) -- Ticket Income $466,627
Level 2 -- Attendance: 4956 (99.12%) -- Ticket Income $272,580
Level 3 -- Attendance: 1787 (89.35%) -- Ticket Income $58,971
Level 4 -- Attendance: 3943 (98.58%) -- Ticket Income $90,689
Luxury Box -- Attendance: 802 (80.20%) -- Ticket Income $137,944
Game was played at the Pepsi Center.
Total Attendance: 16731 (92.95%)
Total Ticket Income: $1,026,811
Other Income: $154,022
Total Income: $1,180,833
Blue Jackets
5 vs 5 Forward
Center Left Wing Right Wing Time % Phy DF OF
1 Pavel Datsyuk Max Pacioretty Tyler Kennedy 40 1 2 2
2 Peter Mueller Marcus Nilson Martin Havlat 30 1 2 2
3 Mike Comrie Mike York Andreas Nodl 20 1 2 2
4 Patrick O'Sullivan Rostislav Olesz Andrew Gordon 10 1 2 2
5 vs 5 Defense
Defense Defense Time % Phy DF OF
1 Mike Lundin Branislav Mezei 40 1 2 2
2 Dennis Wideman Cam Fowler 30 1 2 2
3 A.J Thelen Ryan Wilson 20 1 2 2
4 Mike Lundin Dennis Wideman 10 1 2 2
PowerPlay Forward
Center Left Wing Right Wing Time % Phy DF OF
1 Pavel Datsyuk Max Pacioretty Martin Havlat 60 1 2 2
2 Peter Mueller Marcus Nilson Tyler Kennedy 40 1 2 2
PowerPlay Defense
Defense Defense Time % Phy DF OF
1 Mike Lundin Dennis Wideman 60 1 2 2
2 Cam Fowler Branislav Mezei 40 1 2 2
Penalty Kill 4 Players Forward
Center Wing Time % Phy DF OF
1 Mike Comrie Martin Havlat 60 1 2 2
2 Pavel Datsyuk Tyler Kennedy 40 1 2 2
Penalty Kill 4 Players Defense
Defense Defense Time % Phy DF OF
1 Mike Lundin Branislav Mezei 60 1 2 2
2 Dennis Wideman Cam Fowler 40 1 2 2
Penalty Kill - 3 Players Forward
Forward Time % Phy DF OF
1 Mike Comrie 60 1 2 2
2 Pavel Datsyuk 40 1 2 2
Penalty Kill - 3 Players Defense
Defense Defense Time % Phy DF OF
1 Mike Lundin Branislav Mezei 60 1 2 2
2 Cam Fowler Dennis Wideman 40 1 2 2
4 vs 4 Forward
Center Wing Time % Phy DF OF
1 Pavel Datsyuk Martin Havlat 60 1 2 2
2 Peter Mueller Max Pacioretty 40 1 2 2
4 vs 4 Defense
Defense Defense Time % Phy DF OF
1 Mike Lundin Dennis Wideman 60 1 2 2
2 Cam Fowler Branislav Mezei 40 1 2 2
Last Minutes Offensive
Center Left Wing Right Wing Defense Defense
Pavel Datsyuk Max Pacioretty Martin Havlat Mike Lundin Dennis Wideman
Last Minutes Defensive
Center Left Wing Right Wing Defense Defense
Pavel Datsyuk Max Pacioretty Martin Havlat Mike Lundin Dennis Wideman
Goaltenders
Starting : Rick DiPietro
Backup : Marek Schwarz
Extra Forwards
Normal : Peter Mueller, Mike York, Tyler Kennedy - PP : Mike Comrie, Mike York - PK : Rostislav Olesz
Extra Defensemen
Normal : A.J Thelen, Ryan Wilson, Cam Fowler - PP : A.J Thelen - PK : Ryan Wilson, Cam Fowler
Penalty Shots
Max Pacioretty, Pavel Datsyuk, Martin Havlat, Peter Mueller, Mike Comrie
Scratches
Kevin Porter (Healthy)
Avalanche
5 vs 5 Forward
Center Left Wing Right Wing Time % Phy DF OF
1 Bryan Little Mikkel Boedker Patric Hornqvist 35 1 2 2
2 Paul Stastny Andrei Kostitsyn Alexander Radulov 30 1 2 2
3 Maxim Talbot Andrew Ladd Damien Brunner 20 1 2 2
4 Kyle Turris Zach Boychuk Chuck Kobasew 15 1 2 2
5 vs 5 Defense
Defense Defense Time % Phy DF OF
1 Pernell Karl Subban Jack Johnson 40 1 2 2
2 Marc Staal Matt Irwin 30 1 2 2
3 Johnny Boychuk Dan Boyle 30 1 2 2
4 Marc Staal Pernell Karl Subban 0 1 2 2
PowerPlay Forward
Center Left Wing Right Wing Time % Phy DF OF
1 Bryan Little Mikkel Boedker Patric Hornqvist 60 1 2 2
2 Paul Stastny Andrei Kostitsyn Alexander Radulov 40 1 2 2
PowerPlay Defense
Defense Defense Time % Phy DF OF
1 Dan Boyle Jack Johnson 60 1 2 2
2 Pernell Karl Subban Marc Staal 40 1 2 2
Penalty Kill 4 Players Forward
Center Wing Time % Phy DF OF
1 Andrew Ladd Chuck Kobasew 60 1 2 2
2 Paul Stastny Maxim Talbot 40 1 2 2
Penalty Kill 4 Players Defense
Defense Defense Time % Phy DF OF
1 Jack Johnson Marc Staal 60 1 2 2
2 Pernell Karl Subban Johnny Boychuk 40 1 2 2
Penalty Kill - 3 Players Forward
Forward Time % Phy DF OF
1 Chuck Kobasew 60 1 2 2
2 Andrew Ladd 40 1 2 2
Penalty Kill - 3 Players Defense
Defense Defense Time % Phy DF OF
1 Marc Staal Jack Johnson 60 1 2 2
2 Pernell Karl Subban Johnny Boychuk 40 1 2 2
4 vs 4 Forward
Center Wing Time % Phy DF OF
1 Patric Hornqvist Mikkel Boedker 60 1 2 2
2 Bryan Little Andrei Kostitsyn 40 1 2 2
4 vs 4 Defense
Defense Defense Time % Phy DF OF
1 Marc Staal Pernell Karl Subban 60 1 2 2
2 Jack Johnson Johnny Boychuk 40 1 2 2
Last Minutes Offensive
Center Left Wing Right Wing Defense Defense
Bryan Little Mikkel Boedker Patric Hornqvist Marc Staal Jack Johnson
Last Minutes Defensive
Center Left Wing Right Wing Defense Defense
Bryan Little Andrew Ladd Chuck Kobasew Marc Staal Jack Johnson
Goaltenders
Starting : Semyon Varlamov
Backup : Roberto Luongo
Extra Forwards
Normal : Andrew Ladd, Alexander Radulov, Maxim Talbot - PP : Andrew Ladd, Alexander Radulov - PK : Damien Brunner
Extra Defensemen
Normal : Marc Staal, Dan Boyle, Pernell Karl Subban - PP : Matt Irwin - PK : Jack Johnson, Pernell Karl Subban
Penalty Shots
Mikkel Boedker, Patric Hornqvist, Paul Stastny, Bryan Little, Andrei Kostitsyn
Scratches
Mattias Ekholm (Healthy)
% Time on Ice - Blue Jackets
Lines # - Real PCT - Wanted PCT - Time Play
Normal Forward
1 - 33% - 40% - 16:32
2 - 27% - 30% - 13:30
3 - 22% - 20% - 10:56
4 - 18% - 10% - 9:00
Normal Defense
1 - 37% - 40% - 18:25
2 - 29% - 30% - 14:36
3 - 30% - 20% - 14:50
4 - 4% - 10% - 2:07
PP Forward
1 - 57% - 60% - 3:27
2 - 43% - 40% - 2:37
PP Defense
1 - 71% - 60% - 4:19
2 - 29% - 40% - 1:45
PK Forward
1 - 100% - 60% - 0:43
2 - 0% - 40% - 0:00
PK Defense
1 - 63% - 60% - 0:27
2 - 37% - 40% - 0:16
PK3 Forward
1 - 0% - 60%
2 - 0% - 40%
PK3 Defense
1 - 0% - 60%
2 - 0% - 40%
44 Forward
1 - 76% - 60% - 2:28
2 - 24% - 40% - 0:47
44 Defense
1 - 62% - 60% - 2:00
2 - 38% - 40% - 1:15
Last Minute Offensive - 0:00
Last Minute Defensive - 0:00
Total
Forward - 60:00
Defense - 60:00
|
% Time on Ice - Avalanche
Lines # - Real PCT - Wanted PCT - Time Play
Normal Forward
1 - 34% - 35% - 17:11
2 - 29% - 30% - 14:29
3 - 21% - 20% - 10:28
4 - 16% - 15% - 7:50
Normal Defense
1 - 38% - 40% - 18:51
2 - 32% - 30% - 16:04
3 - 30% - 30% - 14:48
4 - 1% - 0% - 0:15
PP Forward
1 - 63% - 60% - 0:27
2 - 37% - 40% - 0:16
PP Defense
1 - 14% - 60% - 0:06
2 - 86% - 40% - 0:37
PK Forward
1 - 74% - 60% - 4:30
2 - 26% - 40% - 1:34
PK Defense
1 - 61% - 60% - 3:42
2 - 39% - 40% - 2:22
PK3 Forward
1 - 0% - 60%
2 - 0% - 40%
PK3 Defense
1 - 0% - 60%
2 - 0% - 40%
44 Forward
1 - 68% - 60% - 2:13
2 - 32% - 40% - 1:02
44 Defense
1 - 65% - 60% - 2:07
2 - 35% - 40% - 1:08
Last Minute Offensive - 0:00
Last Minute Defensive - 0:00
Total
Forward - 60:00
Defense - 60:00
|
Play-by-Play
1st period
0:01 of 1st period - Bryan Little wins face-off versus Pavel Datsyuk in neutral zone.
0:11 of 1st period - Slapshot by Mikkel Boedker.
0:11 of 1st period - Shot Misses the Net.
0:13 of 1st period - Slapshot by Jack Johnson.
0:13 of 1st period - Shot Misses the Net.
0:27 of 1st period - Jack Johnson is hit by Marcus Nilson.
0:59 of 1st period - Wrist shot by Andrew Ladd.
0:59 of 1st period - Shot Misses the Net.
1:01 of 1st period - Wrist shot by Jack Johnson.
1:01 of 1st period - Stopped by Rick DiPietro without a rebound.
1:02 of 1st period - Patrick O'Sullivan wins face-off versus Kyle Turris in Blue Jackets zone.
1:11 of 1st period - Snap shot by Rostislav Olesz.
1:11 of 1st period - Shot Misses the Net.
1:29 of 1st period - Marc Staal is hit by Max Pacioretty and loses puck.
2:14 of 1st period - Wrist shot by Patric Hornqvist.
2:14 of 1st period - Stopped by Rick DiPietro without a rebound.
2:15 of 1st period - Paul Stastny wins face-off versus Peter Mueller in Blue Jackets zone.
2:16 of 1st period - Snap shot by Alexander Radulov.
2:16 of 1st period - Stopped by Rick DiPietro with a rebound.
2:26 of 1st period - Snap shot by Peter Mueller.
2:26 of 1st period - Shot Misses the Net.
2:32 of 1st period - Dennis Wideman is hit by Paul Stastny and loses puck.
2:37 of 1st period - Wrist shot by Paul Stastny.
2:37 of 1st period - Shot Misses the Net.
3:25 of 1st period - Wrist shot by Martin Havlat.
3:25 of 1st period - Shot Misses the Net.
3:27 of 1st period - Snap shot by Martin Havlat.
3:27 of 1st period - Shot Blocked by Andrei Kostitsyn.
3:41 of 1st period - Snap shot by Paul Stastny.
3:41 of 1st period - Stopped by Rick DiPietro without a rebound.
3:42 of 1st period - Pavel Datsyuk wins face-off versus Maxim Talbot in Blue Jackets zone.
3:49 of 1st period - Andrew Ladd is hit by Max Pacioretty and loses puck.
4:15 of 1st period - Snap shot by Andreas Nodl.
4:15 of 1st period - Stopped by Semyon Varlamov without a rebound.
4:16 of 1st period - Pavel Datsyuk wins face-off versus Bryan Little in Avalanche zone.
5:04 of 1st period - Wrist shot by Kyle Turris.
5:04 of 1st period - Shot Blocked by Cam Fowler.
5:34 of 1st period - Patric Hornqvist is hit by Max Pacioretty and loses puck.
5:49 of 1st period - Wrist shot by Andrew Ladd.
5:49 of 1st period - Stopped by Rick DiPietro without a rebound.
5:50 of 1st period - Maxim Talbot wins face-off versus Patrick O'Sullivan in Blue Jackets zone.
6:59 of 1st period - Wrist shot by Pavel Datsyuk.
6:59 of 1st period - Shot Misses the Net.
7:01 of 1st period - Wrist shot by Pavel Datsyuk.
7:01 of 1st period - Shot Blocked by Matt Irwin.
7:03 of 1st period - Snap shot by Pavel Datsyuk.
7:03 of 1st period - Shot Blocked by Paul Stastny.
7:05 of 1st period - Slapshot by Mike Lundin.
7:05 of 1st period - Stopped by Semyon Varlamov with a rebound.
7:07 of 1st period - Snap shot by Tyler Kennedy.
7:07 of 1st period - Shot Misses the Net.
7:19 of 1st period - Alexander Radulov is hit by Ryan Wilson and loses puck.
7:37 of 1st period - Marc Staal is hit by A.J Thelen and loses puck.
7:48 of 1st period - Backhand shot by Andreas Nodl.
7:48 of 1st period - Shot Misses the Net.
8:31 of 1st period - Wrist shot by Andrew Ladd.
8:31 of 1st period - Shot Misses the Net.
9:29 of 1st period - Mike Comrie is hit by Dan Boyle and loses puck.
9:57 of 1st period - Johnny Boychuk is hit by Marcus Nilson and loses puck.
10:10 of 1st period - Paul Stastny is hit by Max Pacioretty and loses puck.
10:54 of 1st period - Jack Johnson is hit by Cam Fowler and loses puck.
11:01 of 1st period - Mike Comrie is hit by Damien Brunner and loses puck.
11:14 of 1st period - Johnny Boychuk is hit by Martin Havlat.
11:18 of 1st period - Bryan Little is hit by Peter Mueller and loses puck.
13:04 of 1st period - Slapshot by Pavel Datsyuk.
13:04 of 1st period - Stopped by Semyon Varlamov without a rebound.
13:05 of 1st period - Paul Stastny wins face-off versus Peter Mueller in Avalanche zone.
13:16 of 1st period - Wrist shot by Paul Stastny.
13:16 of 1st period - Stopped by Rick DiPietro without a rebound.
13:17 of 1st period - Peter Mueller wins face-off versus Bryan Little in Blue Jackets zone.
13:26 of 1st period - Snap shot by Peter Mueller.
13:26 of 1st period - Shot Blocked by Dan Boyle.
14:11 of 1st period - Mike Lundin is hit by Damien Brunner and loses puck.
14:18 of 1st period - Snap shot by Andrew Ladd.
14:18 of 1st period - Stopped by Rick DiPietro with a rebound.
14:30 of 1st period - Snap shot by Bryan Little.
14:30 of 1st period - Deflect By Mikkel Boedker.
14:30 of 1st period - Stopped by Rick DiPietro with a rebound.
14:32 of 1st period - Backhand shot by Patric Hornqvist.
14:32 of 1st period - Stopped by Rick DiPietro without a rebound.
14:33 of 1st period - Bryan Little wins face-off versus Peter Mueller in Blue Jackets zone.
14:40 of 1st period - Slapshot by Mikkel Boedker.
14:40 of 1st period - Stopped by Rick DiPietro with a rebound.
15:00 of 1st period - Wrist shot by Marcus Nilson.
15:00 of 1st period - Shot Misses the Net.
15:02 of 1st period - Backhand shot by Marcus Nilson.
15:02 of 1st period - Goal by Marcus Nilson - Blue Jackets : 1 - Avalanche : 0.
15:03 of 1st period - Pavel Datsyuk wins face-off versus Mikkel Boedker in neutral zone.
15:12 of 1st period - Wrist shot by Pavel Datsyuk.
15:12 of 1st period - Shot Blocked by Mikkel Boedker.
15:14 of 1st period - Slapshot by Max Pacioretty.
15:14 of 1st period - Goal by Max Pacioretty - Blue Jackets : 2 - Avalanche : 0.
15:15 of 1st period - Paul Stastny wins face-off versus Pavel Datsyuk in neutral zone.
15:26 of 1st period - Wrist shot by Tyler Kennedy.
15:26 of 1st period - Stopped by Semyon Varlamov without a rebound.
15:27 of 1st period - Pavel Datsyuk wins face-off versus Patric Hornqvist in Avalanche zone.
16:04 of 1st period - Snap shot by Alexander Radulov.
16:04 of 1st period - Stopped by Rick DiPietro without a rebound.
16:05 of 1st period - Pavel Datsyuk wins face-off versus Maxim Talbot in Blue Jackets zone.
17:11 of 1st period - Minor Penalty to Ryan Wilson for Hooking.
17:12 of 1st period - Martin Havlat wins face-off versus Bryan Little in Blue Jackets zone.
17:29 of 1st period - Snap shot by Bryan Little.
17:29 of 1st period - Stopped by Rick DiPietro with a rebound.
17:48 of 1st period - Slapshot by Pernell Karl Subban.
17:48 of 1st period - Stopped by Rick DiPietro without a rebound.
17:49 of 1st period - Mike Comrie wins face-off versus Mikkel Boedker in Blue Jackets zone.
17:54 of 1st period - Minor Penalty to Bryan Little for Hooking.
17:55 of 1st period - Patric Hornqvist wins face-off versus Pavel Datsyuk in Avalanche zone.
18:44 of 1st period - Wrist shot by Andrei Kostitsyn.
18:44 of 1st period - Stopped by Rick DiPietro without a rebound.
18:45 of 1st period - Pavel Datsyuk wins face-off versus Patric Hornqvist in Blue Jackets zone.
18:55 of 1st period - Mike Lundin is hit by Mikkel Boedker and loses puck.
19:08 of 1st period - Johnny Boychuk is hit by Mike Lundin and loses puck.
19:11 of 1st period - Penalty to Ryan Wilson is over, Ryan Wilson is back on ice.
19:15 of 1st period - Wrist shot by Ryan Wilson.
19:15 of 1st period - Shot Blocked by Johnny Boychuk.
19:17 of 1st period - Slapshot by Branislav Mezei.
19:17 of 1st period - Shot Blocked by Johnny Boychuk.
19:19 of 1st period - Wrist shot by Peter Mueller.
19:19 of 1st period - Stopped by Semyon Varlamov without a rebound.
19:20 of 1st period - Andrew Ladd wins face-off versus Peter Mueller in Avalanche zone.
19:20 of 1st period - Andrew Ladd is hit by Tyler Kennedy.
19:28 of 1st period - Jack Johnson is hit by Marcus Nilson and loses puck.
19:33 of 1st period - Wrist shot by Peter Mueller.
19:33 of 1st period - Deflect By Tyler Kennedy.
19:33 of 1st period - Goal by Tyler Kennedy - Blue Jackets : 3 - Avalanche : 0.
19:34 of 1st period - Bryan Little wins face-off versus Max Pacioretty in neutral zone.
19:44 of 1st period - Slapshot by Mikkel Boedker.
19:44 of 1st period - Shot Blocked by Branislav Mezei.
Goals for this period are 3 for Blue Jackets vs 0 for Avalanche.
Shots for this period are 8 for Blue Jackets vs 14 for Avalanche.
2nd period
0:01 of 2nd period - Bryan Little wins face-off versus Pavel Datsyuk in neutral zone.
0:33 of 2nd period - Martin Havlat is hit by Paul Stastny and loses puck.
1:06 of 2nd period - Dennis Wideman is hit by Matt Irwin and loses puck.
1:43 of 2nd period - Slapshot by Marc Staal.
1:43 of 2nd period - Deflect By Andrei Kostitsyn.
1:43 of 2nd period - Stopped by Rick DiPietro with a rebound.
1:53 of 2nd period - Wrist shot by Paul Stastny.
1:53 of 2nd period - Goal by Paul Stastny - Blue Jackets : 3 - Avalanche : 1.
1:54 of 2nd period - Max Pacioretty wins face-off versus Bryan Little in neutral zone.
2:01 of 2nd period - Snap shot by Max Pacioretty.
2:01 of 2nd period - Stopped by Semyon Varlamov without a rebound.
2:02 of 2nd period - Pavel Datsyuk wins face-off versus Bryan Little in Avalanche zone.
2:17 of 2nd period - Wrist shot by Tyler Kennedy.
2:17 of 2nd period - Shot Blocked by Jack Johnson.
3:18 of 2nd period - Wrist shot by Cam Fowler.
3:18 of 2nd period - Deflect By Maxim Talbot.
3:18 of 2nd period - Goal by Cam Fowler - Blue Jackets : 4 - Avalanche : 1.
3:18 of 2nd period - Roberto Luongo enters game.
3:19 of 2nd period - Bryan Little wins face-off versus Pavel Datsyuk in neutral zone.
4:43 of 2nd period - Minor Penalty to Kyle Turris for Holding.
4:44 of 2nd period - Andrew Ladd wins face-off versus Pavel Datsyuk in Avalanche zone.
5:14 of 2nd period - Marc Staal is hit by Pavel Datsyuk and loses puck.
5:21 of 2nd period - Slapshot by Max Pacioretty.
5:21 of 2nd period - Shot Misses the Net.
5:23 of 2nd period - Snap shot by Mike Lundin.
5:23 of 2nd period - Shot Blocked by Andrew Ladd.
5:25 of 2nd period - Snap shot by Pavel Datsyuk.
5:25 of 2nd period - Goal by Pavel Datsyuk - Blue Jackets : 5 - Avalanche : 1.
5:26 of 2nd period - Andreas Nodl wins face-off versus Bryan Little in neutral zone.
5:53 of 2nd period - Off-side.
5:54 of 2nd period - Maxim Talbot wins face-off versus Tyler Kennedy in neutral zone.
5:59 of 2nd period - Max Pacioretty is hit by Andrew Ladd and loses puck.
6:28 of 2nd period - Mikkel Boedker is hit by Ryan Wilson and loses puck.
6:46 of 2nd period - Snap shot by Alexander Radulov.
6:46 of 2nd period - Shot Blocked by Andrew Gordon.
6:48 of 2nd period - Snap shot by Paul Stastny.
6:48 of 2nd period - Stopped by Rick DiPietro with a rebound.
6:50 of 2nd period - Slapshot by Marc Staal.
6:50 of 2nd period - Stopped by Rick DiPietro with a rebound.
6:52 of 2nd period - Snap shot by Paul Stastny.
6:52 of 2nd period - Stopped by Rick DiPietro with a rebound.
6:54 of 2nd period - Snap shot by Matt Irwin.
6:54 of 2nd period - Stopped by Rick DiPietro with a rebound.
6:56 of 2nd period - Slapshot by Matt Irwin.
6:56 of 2nd period - Stopped by Rick DiPietro with a rebound.
7:36 of 2nd period - Snap shot by Martin Havlat.
7:36 of 2nd period - Shot Blocked by Maxim Talbot.
7:40 of 2nd period - Snap shot by Martin Havlat.
7:40 of 2nd period - Stopped by Roberto Luongo without a rebound.
7:41 of 2nd period - Pavel Datsyuk wins face-off versus Patric Hornqvist in Avalanche zone.
7:48 of 2nd period - Wrist shot by Pavel Datsyuk.
7:48 of 2nd period - Shot Blocked by Johnny Boychuk.
8:16 of 2nd period - Snap shot by Peter Mueller.
8:16 of 2nd period - Stopped by Roberto Luongo without a rebound.
8:17 of 2nd period - Damien Brunner wins face-off versus Peter Mueller in Avalanche zone.
8:31 of 2nd period - Off-side.
8:32 of 2nd period - Bryan Little wins face-off versus Pavel Datsyuk in neutral zone.
8:49 of 2nd period - Snap shot by Bryan Little.
8:49 of 2nd period - Deflect By Mikkel Boedker.
8:49 of 2nd period - Stopped by Rick DiPietro with a rebound.
9:12 of 2nd period - Wrist shot by Peter Mueller.
9:12 of 2nd period - Shot Blocked by Pernell Karl Subban.
9:46 of 2nd period - Snap shot by Maxim Talbot.
9:46 of 2nd period - Stopped by Rick DiPietro without a rebound.
9:47 of 2nd period - Pavel Datsyuk wins face-off versus Maxim Talbot in Blue Jackets zone.
9:58 of 2nd period - Tyler Kennedy is hit by Marc Staal and loses puck.
10:09 of 2nd period - Wrist shot by Andrew Ladd.
10:09 of 2nd period - Stopped by Rick DiPietro with a rebound.
10:11 of 2nd period - Wrist shot by Andrew Ladd.
10:11 of 2nd period - Deflect By Damien Brunner.
10:11 of 2nd period - Shot Misses the Net.
10:11 of 2nd period - Puck is out of play.
10:12 of 2nd period - Bryan Little wins face-off versus Peter Mueller in Blue Jackets zone.
10:15 of 2nd period - Wrist shot by Mikkel Boedker.
10:15 of 2nd period - Stopped by Rick DiPietro without a rebound.
10:16 of 2nd period - Bryan Little wins face-off versus Peter Mueller in Blue Jackets zone.
10:40 of 2nd period - Off-side.
10:41 of 2nd period - Andrei Kostitsyn wins face-off versus Pavel Datsyuk in neutral zone.
11:15 of 2nd period - Snap shot by Pavel Datsyuk.
11:15 of 2nd period - Shot Misses the Net.
11:17 of 2nd period - Slapshot by A.J Thelen.
11:17 of 2nd period - Shot Misses the Net.
11:19 of 2nd period - Slapshot by A.J Thelen.
11:19 of 2nd period - Goal by A.J Thelen - Blue Jackets : 6 - Avalanche : 1.
11:20 of 2nd period - Bryan Little wins face-off versus Peter Mueller in neutral zone.
11:27 of 2nd period - Slapshot by Bryan Little.
11:27 of 2nd period - Shot Hit the Post.
11:29 of 2nd period - Wrist shot by Mikkel Boedker.
11:29 of 2nd period - Shot Misses the Net.
11:31 of 2nd period - Wrist shot by Mikkel Boedker.
11:31 of 2nd period - Shot Blocked by Marcus Nilson.
11:33 of 2nd period - Slapshot by Dan Boyle.
11:33 of 2nd period - Stopped by Rick DiPietro with a rebound.
11:47 of 2nd period - Andrei Kostitsyn is hit by Pavel Datsyuk and loses puck.
12:14 of 2nd period - Mike Lundin is hit by Kyle Turris.
12:26 of 2nd period - Chuck Kobasew is hit by Andreas Nodl and loses puck.
13:03 of 2nd period - Slapshot by Mikkel Boedker.
13:03 of 2nd period - Goal by Mikkel Boedker - Blue Jackets : 6 - Avalanche : 2.
13:04 of 2nd period - Pavel Datsyuk wins face-off versus Bryan Little in neutral zone.
13:31 of 2nd period - Marcus Nilson is hit by Alexander Radulov.
13:35 of 2nd period - Wrist shot by Peter Mueller.
13:35 of 2nd period - Stopped by Roberto Luongo with a rebound.
13:37 of 2nd period - Wrist shot by Marcus Nilson.
13:37 of 2nd period - Stopped by Roberto Luongo with a rebound.
15:40 of 2nd period - Wrist shot by Tyler Kennedy.
15:40 of 2nd period - Shot Misses the Net.
15:42 of 2nd period - Slapshot by A.J Thelen.
15:42 of 2nd period - Shot Misses the Net.
15:44 of 2nd period - Snap shot by Pavel Datsyuk.
15:44 of 2nd period - Stopped by Roberto Luongo without a rebound.
15:45 of 2nd period - Paul Stastny wins face-off versus Peter Mueller in Avalanche zone.
15:45 of 2nd period - Marcus Nilson beats up Alexander Radulov.
15:45 of 2nd period - Penalty to Alexander Radulov for Fighting.
15:45 of 2nd period - Penalty to Marcus Nilson for Fighting.
15:46 of 2nd period - Mike York wins face-off versus Paul Stastny in Avalanche zone.
15:55 of 2nd period - Snap shot by Martin Havlat.
15:55 of 2nd period - Shot Blocked by Johnny Boychuk.
15:57 of 2nd period - Slapshot by Mike Lundin.
15:57 of 2nd period - Shot Misses the Net.
16:01 of 2nd period - Wrist shot by Peter Mueller.
16:01 of 2nd period - Stopped by Roberto Luongo with a rebound.
16:03 of 2nd period - Snap shot by Peter Mueller.
16:03 of 2nd period - Stopped by Roberto Luongo without a rebound.
16:04 of 2nd period - Bryan Little wins face-off versus Pavel Datsyuk in Avalanche zone.
16:29 of 2nd period - Mike York is hit by Marc Staal.
17:25 of 2nd period - Slapshot by Jack Johnson.
17:25 of 2nd period - Deflect By Mike Comrie.
17:25 of 2nd period - Stopped by Rick DiPietro with a rebound.
17:44 of 2nd period - Off-side.
17:45 of 2nd period - Pavel Datsyuk wins face-off versus Andrew Ladd in neutral zone.
17:52 of 2nd period - Slapshot by Pavel Datsyuk.
17:52 of 2nd period - Stopped by Roberto Luongo without a rebound.
17:53 of 2nd period - Paul Stastny wins face-off versus Pavel Datsyuk in Avalanche zone.
18:40 of 2nd period - Snap shot by Pavel Datsyuk.
18:40 of 2nd period - Shot Blocked by Johnny Boychuk.
18:42 of 2nd period - Wrist shot by Max Pacioretty.
18:42 of 2nd period - Shot Misses the Net.
18:46 of 2nd period - Snap shot by Pavel Datsyuk.
18:46 of 2nd period - Shot Misses the Net.
18:50 of 2nd period - Slapshot by Pavel Datsyuk.
18:50 of 2nd period - Stopped by Roberto Luongo with a rebound.
18:52 of 2nd period - Wrist shot by Pavel Datsyuk.
18:52 of 2nd period - Deflect By Tyler Kennedy.
18:52 of 2nd period - Shot Misses the Net.
18:52 of 2nd period - Puck is out of play.
18:53 of 2nd period - Bryan Little wins face-off versus Peter Mueller in Avalanche zone.
19:53 of 2nd period - Minor Penalty to Paul Stastny for Delaying the game.
19:54 of 2nd period - Andrew Ladd wins face-off versus Pavel Datsyuk in Avalanche zone.
Goals for this period are 3 for Blue Jackets vs 2 for Avalanche.
Shots for this period are 13 for Blue Jackets vs 14 for Avalanche.
3rd period
0:01 of 3rd period - Andrew Ladd wins face-off versus Martin Havlat in neutral zone.
0:38 of 3rd period - Slapshot by Dennis Wideman.
0:38 of 3rd period - Shot Misses the Net.
0:45 of 3rd period - Penalty to Alexander Radulov is over, Alexander Radulov is back on ice.
1:53 of 3rd period - Penalty to Paul Stastny is over, Paul Stastny is back on ice.
2:33 of 3rd period - Wrist shot by Andrei Kostitsyn.
2:33 of 3rd period - Shot Blocked by Ryan Wilson.
3:20 of 3rd period - Wrist shot by Bryan Little.
3:20 of 3rd period - Stopped by Rick DiPietro without a rebound.
3:21 of 3rd period - Paul Stastny wins face-off versus Max Pacioretty in Blue Jackets zone.
4:00 of 3rd period - Slapshot by Peter Mueller.
4:00 of 3rd period - Shot Misses the Net.
4:02 of 3rd period - Slapshot by Dennis Wideman.
4:02 of 3rd period - Deflect By Matt Irwin.
4:02 of 3rd period - Stopped by Roberto Luongo with a rebound.
4:50 of 3rd period - Cam Fowler is hit by Matt Irwin and loses puck.
5:15 of 3rd period - Wrist shot by Damien Brunner.
5:15 of 3rd period - Shot Blocked by A.J Thelen.
5:21 of 3rd period - Wrist shot by Maxim Talbot.
5:21 of 3rd period - Shot Misses the Net.
5:37 of 3rd period - Snap shot by Damien Brunner.
5:37 of 3rd period - Stopped by Rick DiPietro without a rebound.
5:38 of 3rd period - Pavel Datsyuk wins face-off versus Bryan Little in Blue Jackets zone.
5:43 of 3rd period - Jack Johnson is hit by Pavel Datsyuk and loses puck.
6:50 of 3rd period - Slapshot by Bryan Little.
6:50 of 3rd period - Shot Misses the Net.
6:52 of 3rd period - Snap shot by Jack Johnson.
6:52 of 3rd period - Stopped by Rick DiPietro without a rebound.
6:53 of 3rd period - Paul Stastny wins face-off versus Pavel Datsyuk in Blue Jackets zone.
7:08 of 3rd period - Backhand shot by Andrei Kostitsyn.
7:08 of 3rd period - Shot Misses the Net.
7:10 of 3rd period - Backhand shot by Dan Boyle.
7:10 of 3rd period - Shot Misses the Net.
7:47 of 3rd period - Snap shot by Alexander Radulov.
7:47 of 3rd period - Deflect By Andrei Kostitsyn.
7:47 of 3rd period - Goal by Andrei Kostitsyn - Blue Jackets : 6 - Avalanche : 3.
7:48 of 3rd period - Andrei Kostitsyn wins face-off versus Peter Mueller in neutral zone.
8:39 of 3rd period - Snap shot by Ryan Wilson.
8:39 of 3rd period - Shot Blocked by Jack Johnson.
8:41 of 3rd period - Snap shot by Andrew Gordon.
8:41 of 3rd period - Shot Misses the Net.
9:45 of 3rd period - Slapshot by Mike York.
9:45 of 3rd period - Stopped by Roberto Luongo without a rebound.
9:46 of 3rd period - Pavel Datsyuk wins face-off versus Kyle Turris in Avalanche zone.
10:13 of 3rd period - Dan Boyle is hit by Peter Mueller and loses puck.
10:20 of 3rd period - Wrist shot by Martin Havlat.
10:20 of 3rd period - Shot Hit the Post.
10:22 of 3rd period - Wrist shot by Peter Mueller.
10:22 of 3rd period - Deflect By Alexander Radulov.
10:22 of 3rd period - Stopped by Roberto Luongo with a rebound.
10:24 of 3rd period - Snap shot by Marcus Nilson.
10:24 of 3rd period - Stopped by Roberto Luongo with a rebound.
11:16 of 3rd period - Martin Havlat is hit by Chuck Kobasew and loses puck.
11:37 of 3rd period - Ryan Wilson is hit by Paul Stastny and loses puck.
11:44 of 3rd period - Wrist shot by Pavel Datsyuk.
11:44 of 3rd period - Stopped by Roberto Luongo with a rebound.
12:17 of 3rd period - Off-side.
12:18 of 3rd period - Damien Brunner wins face-off versus Patrick O'Sullivan in neutral zone.
12:33 of 3rd period - Slapshot by Patrick O'Sullivan.
12:33 of 3rd period - Stopped by Roberto Luongo without a rebound.
12:34 of 3rd period - Paul Stastny wins face-off versus Pavel Datsyuk in Avalanche zone.
12:36 of 3rd period - Major / Game Misconduct Penalty to Paul Stastny for Butt-ending.
12:36 of 3rd period - Paul Stastny is ejected from game.
12:37 of 3rd period - Andrew Ladd wins face-off versus Pavel Datsyuk in Avalanche zone.
12:41 of 3rd period - Minor Penalty to Max Pacioretty for Tripping.
12:42 of 3rd period - Pavel Datsyuk wins face-off versus Patric Hornqvist in Blue Jackets zone.
12:42 of 3rd period - Pavel Datsyuk is hit by Mikkel Boedker.
13:29 of 3rd period - Snap shot by Mike York.
13:29 of 3rd period - Stopped by Roberto Luongo with a rebound.
13:51 of 3rd period - Snap shot by Jack Johnson.
13:51 of 3rd period - Stopped by Rick DiPietro with a rebound.
13:53 of 3rd period - Slapshot by Jack Johnson.
13:53 of 3rd period - Shot Blocked by Cam Fowler.
14:34 of 3rd period - Mike Lundin is hit by Andrei Kostitsyn and loses puck.
14:41 of 3rd period - Penalty to Max Pacioretty is over, Max Pacioretty is back on ice.
15:09 of 3rd period - Jack Johnson is hit by Mike Comrie and loses puck.
15:52 of 3rd period - Pernell Karl Subban is hit by Tyler Kennedy.
17:00 of 3rd period - Branislav Mezei is hit by Maxim Talbot.
17:36 of 3rd period - Penalty to Paul Stastny is over, Damien Brunner is send on ice.
19:17 of 3rd period - Patric Hornqvist is hit by Ryan Wilson and loses puck.
19:55 of 3rd period - Zach Boychuk is hit by Mike York and loses puck.
Goals for this period are 0 for Blue Jackets vs 1 for Avalanche.
Shots for this period are 7 for Blue Jackets vs 5 for Avalanche.
Back to the Top